[Event "Team 45 45 League T47"]
[Site "Internet Chess Club"]
[Date "2010.11.11"]
[Round "2"]
[White "dinosaurs01"]
[Black "Warpdrive"]
[Result "1/2-1/2"]
[WhiteElo "1401"]
[BlackElo "1652"]
[Opening "Vienna gambit"]
[ECO "C29"]
[Time "19:58:47"]
[TimeControl "2700+45"]

1. e4 e5 2. Nc3 Nf6 3. f4 Nc6 4. Nf3 d6 5. Bc4 exf4 6. d4 Bg4 7. O-O Be7 8. Bxf4
O-O 9. Qd2 Bxf3 10. Rxf3 a6 11. Rff1 b5 12. Be2 Qd7 13. Rad1 b4 14. d5 bxc3 15.
dxc6 Qxc6 16. Qxc3 Qxc3 17. bxc3 Nd7 18. Bg4 Nc5 19. e5 Rad8 20. exd6 Bxd6 21.
Bxd6 Rxd6 22. Rxd6 cxd6 23. Rd1 Rd8 24. Bf3 Kf8 25. Kf2 Ke7 26. Ke3 Rb8 27. Kd2
f5 28. Re1+ Kf6 29. Bd5 Rc8 30. Re3 Rc7 31. h4 Re7 32. Rxe7 Kxe7 33. Ke3 Kf6 34.
Kf4 Na4 35. c4 Nc3 36. a3 h6 37. h5 g5+ 38. hxg6 Kxg6 39. Be6 Ne2+ 40. Ke3 Kf6
41. Bxf5 Kxf5 42. Kxe2 Ke4 43. c3 h5 44. g3 a5 45. a4 Ke5 46. Ke3 Kf5 47. Kf3
Ke5 48. Ke3 Kf5 49. Kf3 Ke5 50. Ke3 {Game drawn by repetition} 1/2-1/2

[Event "Team 45 45 League T47"]
[Site "Internet Chess Club"]
[Date "2010.11.13"]
[Round "2"]
[White "kidcobra"]
[Black "juniorVishy"]
[Result "1/2-1/2"]
[WhiteElo "1660"]
[BlackElo "1642"]
[Opening "Sicilian: accelerated fianchetto, Maróczy bind, 6.Be3"]
[ECO "B38"]
[Time "16:01:06"]
[TimeControl "2700+45"]

1. e4 c5 2. Nf3 Nc6 3. d4 cxd4 4. Nxd4 g6 5. c4 Bg7 6. Be3 Nf6 7. Nc3 d6 8. Be2
O-O 9. O-O Bd7 10. Qd2 Re8 11. Rfe1 Rc8 12. Rac1 Ne5 13. b3 Neg4 14. f3 Nxe3 15.
Qxe3 Qb6 16. Rcd1 a6 17. Nf5 Qxe3+ 18. Nxe3 b5 19. Ncd5 Nxd5 20. Nxd5 bxc4 21.
Bxc4 Bb5 22. Bxb5 axb5 23. Rc1 Kf8 24. Kf1 Red8 25. Rc7 Rxc7 26. Nxc7 b4 27. Nd5
Ra8 28. Rc1 Bd4 29. Nxb4 Bc5 30. Nd3 Rxa2 31. Nxc5 dxc5 32. Rxc5 Rb2 33. Rc3 Kg7
34. Rc7 Rxb3 35. Rxe7 Kf6 36. Rd7 Rb1+ 37. Kf2 Rb2+ 38. Kg3 h5 39. h4 Ke6 40.
Rd3 Kf6 41. f4 Rb7 42. Rf3 Rb5 43. Re3 Ke6 44. Kf3 f6 45. g4 hxg4+ 46. Kxg4 f5+
47. exf5+ Kf6 48. Re6+ Kf7 49. Rxg6 Rb1 50. Kg5 Rg1+ 51. Kh5 Rf1 52. Rg4 Kf6 53.
Kh6 Kxf5 54. Rg8 Rh1 55. Rf8+ Kg4 56. Kg6 Rxh4 57. f5 Kf4 58. f6 Rg4+ 59. Kf7
Kf5 60. Re8 Ra4 61. Re1 Ra7+ 62. Re7 Ra6 63. Re1 Rxf6+ 64. Kg7 Rg6+ 65. Kh7 Re6
66. Rf1+ Ke5 67. Kg7 Kd6 68. Kf7 Re7+ 69. Kf6 Re6+ 70. Kf5 Re5+ 71. Kf4 Ke6 72.
Rb1 Rf5+ 73. Kg4 Rd5 74. Kf4 Rf5+ 75. Ke4 Re5+ 76. Kd4 Rd5+ 77. Kc4 Re5 78. Rb6+
Kf5 79. Kd4 Re4+ 80. Kd3 Re6 81. Rb5+ Kf6 82. Kd4 Rd6+ 83. Ke4 Re6+ 84. Kf4 Rc6
85. Rf5+ Ke6 86. Rh5 Rc4+ {Game drawn by mutual agreement} 1/2-1/2

[Event "Team 45 45 League T47"]
[Site "Internet Chess Club"]
[Date "2010.11.15"]
[Round "2"]
[White "ryan2chess"]
[Black "islanderpfeifer"]
[Result "0-1"]
[WhiteElo "1702"]
[BlackElo "1451"]
[Opening "Sicilian: Taimanov variation"]
[ECO "B45"]
[Time "18:10:19"]
[TimeControl "2700+45"]

1. e4 c5 2. Nf3 Nc6 3. d4 cxd4 4. Nxd4 e6 5. Nc3 Bb4 6. Bd2 Nxd4 7. a3 Be7 8.
Na2 Nf6 9. Bc3 Nc6 10. Bc4 a6 11. e5 Ng8 12. Qg4 g6 13. O-O-O Qc7 14. Rd6 f6 15.
exf6 Nxf6 16. Bxf6 Bxf6 17. Rhd1 Ne5 18. Qf4 O-O 19. R6d4 Qd8 20. Bxe6+ Kg7 21.
Qg3 Nc6 22. Rg4 Bxb2+ 23. Kxb2 Qf6+ 24. Nc3 dxe6 25. Kc1 Qxf2 26. Qc7+ Rf7 27.
Qb6 Qxb6 28. Ne4 e5 29. Rg3 Bf5 30. Nd6 Rf6 31. Nxf5+ Rxf5 32. Rd7+ Rf7 33. Rdd3
Rd8 34. Rb3 Qg1+ 35. Kb2 Rd1 36. Rgd3 Rxd3 37. Rxd3 Qxg2 38. Kc3 Nd4 39. Rxd4
exd4+ 40. Kxd4 Qxc2 41. Kd5 Rd7+ 42. Ke6 Qc6+ 43. Ke5 Rd5+ 44. Ke4 Qc4+ 45. Ke3
Rd3+ 46. Kf2 Qc2+ 47. Ke1 Rd1# {White checkmated} 0-1

[Event "Team 45 45 League T47"]
[Site "Internet Chess Club"]
[Date "2010.11.14"]
[Round "2"]
[White "zepled37"]
[Black "subterfuge"]
[Result "0-1"]
[WhiteElo "1657"]
[BlackElo "1735"]
[Opening "Caro-Kann: advance variation"]
[ECO "B12"]
[Time "19:06:50"]
[TimeControl "2700+45"]

1. e4 c6 2. d4 d5 3. e5 Bf5 4. Nc3 e6 5. g4 Bg6 6. Nge2 Be7 7. Nf4 Nd7 8. Be3
Qb6 9. Na4 Qa5+ 10. c3 c5 11. h4 Be4 12. Rh3 g5 13. hxg5 O-O-O 14. f3 Bg6 15.
Nxg6 fxg6 16. a3 Nxe5 17. Nxc5 Bxc5 18. dxc5 Nc4 19. Bxc4 dxc4 20. Qe2 Ne7 21.
Qxc4 Nd5 22. Kf2 e5 23. f4 exf4 24. Bxf4 Nxf4 25. Qxf4 Rhf8 26. Qxf8 Rxf8+ 27.
Kg2 Qxc5 28. Rxh7 Qf2+ 29. Kh1 Qf3+ 30. Kh2 Qxg4 31. Re1 Rf2+ 32. Kh1 Qg2#
{White checkmated} 0-1

[Event "Team 45 45 League T47"]
[Site "Internet Chess Club"]
[Date "2010.11.13"]
[Round "2"]
[White "rayonline53"]
[Black "bmw2002"]
[Result "1-0"]
[WhiteElo "1505"]
[BlackElo "1565"]
[Opening "Caro-Kann: advance variation"]
[ECO "B12"]
[Time "18:04:33"]
[TimeControl "2700+45"]

1. e4 c6 2. d4 d5 3. e5 Bf5 4. Bd3 Bxd3 5. Qxd3 e6 6. f4 c5 7. c3 Nc6 8. Nf3 Qb6
9. O-O Nh6 10. Be3 Nf5 11. Bf2 cxd4 12. cxd4 Rc8 13. Nbd2 Nb4 14. Qb3 Be7 15. a3
Nc2 16. Qxb6 axb6 17. Rac1 Kd7 18. Nb1 Nce3 19. Rfe1 Nc4 20. b4 Ra8 21. Rc2 h6
22. g4 Nxa3 23. Nxa3 Rxa3 24. Kg2 Bxb4 25. Rec1 Ne3+ 26. Bxe3 Rxe3 27. Rc7+ Kd8
28. Rc8+ Kd7 29. R1c7# {Black checkmated} 1-0

[Event "Team 45 45 League T47"]
[Site "Internet Chess Club"]
[Date "2010.11.11"]
[Round "2"]
[White "BrerRabbit"]
[Black "oldprez"]
[Result "0-1"]
[WhiteElo "1607"]
[BlackElo "1398"]
[Opening "English, 1...Nf6 (Anglo-Indian defense)"]
[ECO "A15"]
[Time "19:00:27"]
[TimeControl "2700+45"]

1. c4 Nf6 2. g3 g6 3. Bg2 Bg7 4. d3 O-O 5. Nc3 d6 6. Bg5 Nbd7 7. Qd2 Re8 8. Rb1
c5 9. Nf3 a6 10. O-O Rb8 11. b4 b5 12. cxb5 axb5 13. bxc5 b4 14. Nd1 dxc5 15.
Nb2 Nd5 16. Nc4 Nc3 17. Rbc1 Qc7 18. Rc2 Bb7 19. a3 Bc6 20. axb4 cxb4 21. Be3
Ba4 22. Rcc1 Nc5 23. Bxc5 Qxc5 24. Nb2 Bc6 25. Nd1 Nxe2+ 26. Qxe2 Qxc1 27. Ne3
Qc5 28. Nc4 Bxf3 29. Qxf3 Red8 30. Re1 b3 31. Rb1 Qf5 32. Nb2 Qxf3 33. Bxf3 Bxb2
34. Rxb2 Rxd3 35. Bc6 Rc3 36. Be4 f5 37. Bb1 e5 38. Kf1 Kf7 39. Ke2 Kf6 40. Kd2
Rc4 41. h3 e4 42. Ke3 Ke5 43. h4 h6 44. Kd2 g5 45. hxg5 hxg5 46. Ke3 f4+ 47.
gxf4+ gxf4+ 48. Kd2 Rd4+ 49. Ke2 Rc4 50. Kd2 Rd8+ 51. Ke2 Rc3 52. Ke1 Rc1+ 53.
Ke2 f3+ 54. Ke3 Re1+ 55. Re2 Rxe2# {White checkmated} 0-1

[Event "Team 45 45 League T47"]
[Site "Internet Chess Club"]
[Date "2010.11.16"]
[Round "2"]
[White "SeniorCitizen"]
[Black "SpeedBlade"]
[Result "0-1"]
[WhiteElo "1299"]
[BlackElo "1468"]
[Opening "Caro-Kann: exchange variation"]
[ECO "B13"]
[Time "17:00:25"]
[TimeControl "2700+45"]

1. e4 c6 2. d4 d5 3. exd5 cxd5 4. Bd3 Nc6 5. c3 Nf6 6. Nf3 Bg4 7. Qb3 Qc7 8. Bg5
e6 9. Bxf6 gxf6 10. Nbd2 Bh5 11. O-O Bg6 12. Bb5 Bd6 13. Rfe1 O-O 14. Bxc6 bxc6
15. Qd1 a5 16. a3 a4 17. b4 axb3 18. a4 b2 19. Ra2 Rfb8 20. Qe2 Bf4 21. Nb1 Bc1
22. Nfd2 Qa5 23. Qe3 Bxd2 24. Qxd2 Rb3 25. Rxb2 Qxa4 {White resigns} 0-1

[Event "Team 45 45 League T47"]
[Site "Internet Chess Club"]
[Date "2010.11.12"]
[Round "2"]
[White "otherook"]
[Black "DarkFlow"]
[Result "0-1"]
[WhiteElo "1821"]
[BlackElo "1762"]
[Opening "English: four knights system"]
[ECO "A28"]
[Time "09:00:07"]
[TimeControl "2700+45"]

1. c4 e5 2. Nc3 Nc6 3. Nf3 Nf6 4. d4 exd4 5. Nxd4 Bb4 6. Nxc6 bxc6 7. Bd2 O-O 8.
g3 Rb8 9. Bg2 Bb7 10. O-O c5 11. Nd5 Nxd5 12. cxd5 Ba6 13. Re1 Qf6 14. Bxb4 Rxb4
15. b3 Re8 16. Qc2 d6 17. a3 Rb7 18. e4 Bb5 19. Rac1 h6 20. Qc3 Qxc3 21. Rxc3 f6
22. f4 Rbb8 23. b4 cxb4 24. axb4 Re7 25. Rec1 Rb7 26. Kf2 Kf7 27. Kf3 Ba4 28. h4
Rxb4 29. Rxc7 Rxe4 30. Rxe7+ Rxe7 31. Bh3 Bd7 32. Bf1 Ba4 33. Bh3 Rb7 34. Bc8
Re7 35. Ba6 Bb3 36. Bc4 Rc7 {White resigns} 0-1

[Event "Team 45 45 League T47"]
[Site "Internet Chess Club"]
[Date "2010.11.11"]
[Round "2"]
[White "GoIrish"]
[Black "ZiggyStardust"]
[Result "1/2-1/2"]
[WhiteElo "1528"]
[BlackElo "1599"]
[Opening "Réti: King's Indian attack (Barcza system)"]
[ECO "A07"]
[Time "06:02:54"]
[TimeControl "2700+45"]

1. Nf3 d5 2. g3 Nf6 3. Bg2 Nc6 4. O-O Bg4 5. h3 Bh5 6. d3 e5 7. g4 Bg6 8. Bg5 h6
9. Bh4 Be7 10. Nbd2 Qd7 11. Bg3 Bd6 12. c4 Qe7 13. cxd5 Nxd5 14. Qb3 Nb6 15.
Rac1 O-O 16. Nh4 Kh8 17. Nxg6+ fxg6 18. Bxc6 bxc6 19. Rxc6 Rf6 20. Ne4 Re6 21.
Rfc1 Rf8 22. Nxd6 cxd6 23. Rc7 Qf6 24. Rxa7 d5 25. Rcc7 Rg8 26. a4 h5 27. a5 h4
28. Bh2 Rf8 29. f3 e4 30. f4 Qd4+ 31. Kg2 Qe3 32. Qd1 Rxf4 33. Bxf4 Qxf4 34. Qe1
exd3 35. Ra8+ Nxa8 36. Rc8+ Kh7 37. Qxh4+ Qh6 38. Qxh6+ Kxh6 39. exd3 Ra6 40. b4
Kg5 41. Kg3 Kf6 42. d4 Ke7 43. Rb8 Nc7 44. Rc8 Nb5 45. Rg8 Kf7 46. Rd8 Ke6 47.
Rg8 Kf7 48. Rd8 Ke6 49. Rg8 Kf7 {Game drawn by repetition} 1/2-1/2

[Event "Team 45 45 League T47"]
[Site "Internet Chess Club"]
[Date "2010.11.14"]
[Round "2"]
[White "quotha"]
[Black "Esslinger"]
[Result "1-0"]
[WhiteElo "1633"]
[BlackElo "1370"]
[Opening "King's Indian, 3.Nf3"]
[ECO "E61"]
[Time "18:01:57"]
[TimeControl "2700+45"]

1. Nf3 Nf6 2. d4 g6 3. c4 Bg7 4. Nc3 d6 5. h3 O-O 6. e4 c5 7. d5 Nbd7 8. Bd3 Ne8
9. Bd2 Ne5 10. Nxe5 Bxe5 11. f4 Bg7 12. Qf3 Bd7 13. g4 Rb8 14. h4 Nf6 15. f5 a6
16. h5 b5 17. hxg6 fxg6 18. Qh3 Kf7 19. O-O-O bxc4 20. Bxc4 Qb6 21. b3 a5 22.
Rde1 a4 23. e5 dxe5 24. Rxe5 axb3 25. axb3 Qd6 26. Rhe1 Rfe8 27. g5 Nh5 28.
fxg6+ hxg6 29. Qf3+ Kg8 30. Rxe7 Rxe7 31. Rxe7 Rf8 32. Qe2 Ra8 33. Rxd7 Qxd7 34.
d6+ Kh7 35. Qe7 Qxe7 36. dxe7 Bxc3 37. Bxc3 Ng7 38. Bf6 Nf5 39. Kb2 Re8 40. Bb5
Rxe7 41. Bxe7 Nxe7 42. Kc3 Nf5 43. Bd3 Nd6 44. Bc2 Kg7 45. Kd3 Kf7 46. Ke3 Kg7
47. Kf4 Nf7 48. Bd3 Nd6 49. Bc4 Nf7 50. Bxf7 Kxf7 51. Ke5 Ke7 52. Kd5 Kd7 53.
Kxc5 Kc7 54. b4 Kb7 55. b5 Kc7 56. Kd5 Kb6 57. Ke6 Kxb5 58. Kf6 {Black resigns}
1-0

[Event "Team 45 45 League T47"]
[Site "Internet Chess Club"]
[Date "2010.11.13"]
[Round "2"]
[White "kingsrook"]
[Black "MCJR"]
[Result "0-1"]
[WhiteElo "1212"]
[BlackElo "1453"]
[Opening "QGD semi-Slav: Chigorin defense"]
[ECO "D46"]
[Time "18:00:27"]
[TimeControl "2700+45"]

1. d4 d5 2. Nf3 Nf6 3. e3 c6 4. Bd3 e6 5. c4 Nbd7 6. Nc3 Bd6 7. O-O O-O 8. Re1
Re8 9. cxd5 exd5 10. b3 Ne4 11. Bb2 Ndf6 12. Qc2 Bf5 13. Nh4 Bxh2+ 14. Kxh2 Ng4+
15. Kg1 Qxh4 16. f3 Qh2+ 17. Kf1 Ng3# {White checkmated} 0-1

[Event "Team 45 45 League T47"]
[Site "Internet Chess Club"]
[Date "2010.11.14"]
[Round "2"]
[White "pestka"]
[Black "cacheboy"]
[Result "1-0"]
[WhiteElo "2290"]
[BlackElo "2097"]
[Opening "KGA: Fischer defense"]
[ECO "C34"]
[Time "15:33:20"]
[TimeControl "2700+45"]

1. e4 e5 2. f4 exf4 3. Nf3 d6 4. d4 g5 5. h4 g4 6. Ng1 Bh6 7. Nc3 Nf6 8. Nge2
Nh5 9. g3 f5 10. Qd3 O-O 11. Bg2 Nc6 12. Nxf4 fxe4 13. Bxe4 Nf6 14. Bxc6 bxc6
15. O-O Bg7 16. Qc4+ d5 17. Qxc6 Bd7 18. Qa6 c6 19. Qd3 Qc8 20. Be3 Bf5 21. Qd2
Rb8 22. b3 Qc7 23. Rae1 Rbe8 24. Qf2 Qa5 25. Bd2 Qd8 26. Bc1 Rxe1 27. Rxe1 Ne4
28. Nxe4 Bxe4 29. c3 Qf6 30. Qe2 Qf5 31. Ba3 Rf7 32. Bd6 Bh6 33. Qa6 Qd7 34. Be5
Bxf4 35. Bxf4 Rf6 36. Qe2 Qf5 37. Qh2 Re6 38. Qd2 Bb1 39. Rxe6 Qxe6 40. Bb8 a6
41. Qg5+ Kf7 42. Be5 Ke8 43. a3 Qg6 44. Qxg6+ Bxg6 45. Kf2 Ke7 46. Ke3 Bc2 47.
b4 h5 48. Kf4 Bg6 49. Kg5 Kf7 50. Kh6 Be4 51. Kxh5 Bf3 52. Kg5 Kg8 53. Kf5 Be2
54. h5 Kh7 55. Bf4 Bd1 56. Kf6 Bc2 57. Kg5 Bd1 58. Kf6 Bc2 59. Ke6 Kg7 60. Ke7
Kh7 61. Kd6 Ba4 62. Kc5 Bb5 63. Kb6 Kg7 64. h6+ Kg6 65. a4 Bxa4 66. Kxa6 Bc2 67.
Kb6 Ba4 68. Kc5 Bb5 69. c4 Ba4 70. cxd5 cxd5 71. Kxd5 Bd7 72. Kd6 Bf5 73. b5
{Black resigns} 1-0

[Event "Team 45 45 League T47"]
[Site "Internet Chess Club"]
[Date "2010.11.16"]
[Round "2"]
[White "BlackHorse"]
[Black "eurander"]
[Result "0-1"]
[WhiteElo "2002"]
[BlackElo "2176"]
[Opening "Caro-Kann: exchange variation"]
[ECO "B13"]
[Time "16:00:16"]
[TimeControl "2700+45"]

1. e4 c6 2. d4 d5 3. exd5 cxd5 4. Bd3 Nc6 5. c3 Qc7 6. Ne2 Bg4 7. f3 Bd7 8. Bf4
e5 9. dxe5 Nxe5 10. O-O Bd6 11. Nd4 Ne7 12. Nb5 Qb6+ 13. Nd4 Qxb2 14. Nb3 Ba4
15. Bb5+ Bxb5 16. Rf2 Qxf2+ 17. Kxf2 Nd3+ 18. Kg1 Nxf4 19. g3 Ne6 20. a4 Ba6 21.
Na3 Rc8 22. Nb5 Bb8 23. N3d4 Nxd4 24. Qxd4 O-O 25. Re1 Bxb5 26. axb5 Bd6 27. Kg2
b6 28. g4 Rc4 29. Qd1 Rxc3 30. Re2 Rfc8 31. h4 Ng6 32. Ra2 Nxh4+ 33. Kh3 Rxf3+
34. Kxh4 Be7+ {White resigns} 0-1

[Event "Team 45 45 League T47"]
[Site "Internet Chess Club"]
[Date "2010.11.12"]
[Round "2"]
[White "mitus"]
[Black "Phosphorus"]
[Result "0-1"]
[WhiteElo "1709"]
[BlackElo "2055"]
[Opening "French: Winawer, Alekhine (Maróczy) gambit"]
[ECO "C15"]
[Time "12:33:26"]
[TimeControl "2700+45"]

1. e4 e6 2. d4 d5 3. Nc3 Bb4 4. Ne2 Nc6 5. a3 Ba5 6. b4 Bb6 7. Be3 Nf6 8. e5 Ng4
9. Bf4 f6 10. h3 fxe5 11. hxg4 exf4 12. Na4 Qf6 13. Nxb6 axb6 14. Qd3 Nxb4 15.
Qd2 Nc6 16. f3 O-O 17. Qd3 g6 18. c3 Na5 19. Kf2 Nc4 20. a4 Bd7 21. g3 fxg3+ 22.
Nxg3 Bxa4 23. Be2 c5 24. Raf1 Bc6 25. Rh6 Ra2 26. Rfh1 Rd2 27. Nh5 Qg5 28. Nf6+
Qxf6 {White resigns} 0-1

[Event "Team 45 45 League T47"]
[Site "Internet Chess Club"]
[Date "2010.11.14"]
[Round "2"]
[White "eSeM"]
[Black "vollmerj"]
[Result "1-0"]
[WhiteElo "1946"]
[BlackElo "1719"]
[Opening "Alekhine's defense: modern variation"]
[ECO "B04"]
[Time "21:05:19"]
[TimeControl "2700+45"]

1. e4 Nf6 2. e5 Nd5 3. d4 d6 4. Nf3 Nc6 5. c4 Nb6 6. e6 fxe6 7. Be3 g6 8. h4 e5
9. d5 Nb8 10. h5 Bg7 11. Ng5 Bf5 12. g4 Bc8 13. hxg6 hxg6 14. Rxh8+ Bxh8 15. Bd3
e6 16. Bxg6+ Ke7 17. Nf7 Qf8 18. Nxh8 Qxh8 19. Qf3 Qf6 20. Bg5 Qxg5 21. Qf7+ Kd8
22. Qe8# {Black checkmated} 1-0

[Event "Team 45 45 League T47"]
[Site "Internet Chess Club"]
[Date "2010.11.13"]
[Round "2"]
[White "Monsoon-Smith"]
[Black "NFork"]
[Result "1/2-1/2"]
[WhiteElo "2011"]
[BlackElo "2253"]
[Opening "Benoni defense"]
[ECO "A65"]
[Time "15:02:22"]
[TimeControl "2700+45"]

1. d4 Nf6 2. c4 c5 3. d5 e6 4. Nc3 exd5 5. cxd5 g6 6. e4 d6 7. Bb5+ Nfd7 8. a4
Bg7 9. f4 Qh4+ 10. g3 Qe7 11. Nf3 O-O 12. O-O Bxc3 13. bxc3 Qxe4 14. Re1 Qf5 15.
Nh4 Qf6 16. Bb2 c4 17. Bxc4 Nc5 18. Bf1 Bf5 19. Ra2 Nbd7 20. c4 Qd8 21. Nxf5
gxf5 22. Qh5 f6 23. Qxf5 Re8 24. Rxe8+ Qxe8 25. Bd4 Qg6 26. Bh3 Re8 27. Kf1 Re4
28. Bxc5 Nxc5 29. Qc8+ Re8 30. Qf5 Re4 31. Re2 Qxf5 32. Bxf5 Rxe2 33. Kxe2 Nxa4
34. Kd2 h6 35. h4 Kf7 36. Bc2 Nc5 37. Kc3 Kg7 {Game drawn by mutual agreement}
1/2-1/2

[Event "Team 45 45 League T47"]
[Site "Internet Chess Club"]
[Date "2010.11.14"]
[Round "2"]
[White "AntMantis"]
[Black "BigH"]
[Result "1/2-1/2"]
[WhiteElo "2061"]
[BlackElo "1778"]
[Opening "QGD semi-Slav: Stoltz variation"]
[ECO "D45"]
[Time "12:35:42"]
[TimeControl "2700+45"]

1. d4 d5 2. c4 c6 3. Nc3 Nf6 4. e3 e6 5. Nf3 Nbd7 6. Qc2 Bd6 7. g4 dxc4 8. g5
Nd5 9. Bxc4 e5 10. Bd2 O-O 11. Nxd5 cxd5 12. Bxd5 exd4 13. exd4 Re8+ 14. Be4 Qe7
15. Ne5 Nxe5 16. dxe5 Qxe5 17. f3 Bf5 18. O-O-O Rac8 19. Bc3 Bxe4 20. fxe4 Qxg5+
21. Kb1 Be5 22. Rhg1 Qe7 23. Bxe5 Qxe5 24. Qb3 Qxe4+ 25. Ka1 Qc2 26. Qxb7 Rb8
27. Qg2 Qxg2 28. Rxg2 Rb7 29. b3 g6 30. Kb2 f5 31. Rd4 Kf7 32. h4 Re4 33. Rxe4
fxe4 34. Re2 Re7 35. Kc3 Kf6 36. Kd4 Kf5 37. Ke3 h6 38. Rg2 Rd7 39. Rf2+ Ke5 40.
Rf8 Rd3+ 41. Ke2 Rh3 42. Re8+ Kd4 43. Rd8+ Kc5 44. Rc8+ Kd6 45. Rg8 Rxh4 46.
Rxg6+ Ke5 47. Ra6 Kf4 48. Rf6+ Kg5 49. Ra6 Kf4 50. Rf6+ Ke5 51. Ra6 Rh2+ 52. Ke3
Rh3+ 53. Ke2 Kf4 54. Rf6+ {Game drawn by mutual agreement} 1/2-1/2

[Event "Team 45 45 League T47"]
[Site "Internet Chess Club"]
[Date "2010.11.15"]
[Round "2"]
[White "oldsj"]
[Black "AntonioMendonca"]
[Result "1-0"]
[WhiteElo "1645"]
[BlackElo "1543"]
[Opening "French: exchange variation"]
[ECO "C01"]
[Time "13:20:17"]
[TimeControl "2700+45"]

1. e4 e6 2. d4 d5 3. exd5 exd5 4. c4 Nc6 5. Be3 Nf6 6. h3 Bf5 7. Nc3 Bb4 8. Nf3
Ne4 9. Qb3 Bxc3+ 10. bxc3 dxc4 11. Bxc4 O-O 12. O-O Na5 13. Qb4 Nxc4 14. Qxc4 b6
15. Qb3 h6 16. Ne5 Nf6 17. c4 Nd7 18. Nc6 Qf6 19. d5 Nc5 20. Bxc5 bxc5 21. Rfe1
Rfe8 22. Nxa7 Reb8 23. Nb5 c6 24. dxc6 Qxc6 25. a4 Qg6 26. Qf3 Bd3 27. Nc7 Ra7
28. Nd5 Rb3 29. Ne7+ Rxe7 30. Rxe7 Bxc4 31. Qa8+ Kh7 32. Qe4 Qxe4 33. Rxe4 Bd5
34. Re7 c4 35. a5 Rb5 36. Rc7 Be6 37. a6 Rg5 38. h4 Rg6 39. a7 Bd5 40. a8=Q
Rxg2+ 41. Kf1 Bxa8 42. Rxa8 Rg4 43. Rxf7 Rxh4 44. Raa7 Rg4 45. Rac7 h5 46. f3
Rg5 47. Rxc4 Kg8 48. Rfc7 Kh7 49. R7c6 Kg8 50. Kf2 Kh7 51. Rh4 Rb5 52. Kg3 Rg5+
53. Kf4 Rg1 54. Rxh5+ Kg8 55. Rg5 Rh1 56. Rc8+ Kf7 57. Rc7+ Kf6 58. Rgxg7 {Black
resigns} 1-0

[Event "Team 45 45 League T47"]
[Site "Internet Chess Club"]
[Date "2010.11.14"]
[Round "2"]
[White "Despair"]
[Black "mickeys"]
[Result "1-0"]
[WhiteElo "2008"]
[BlackElo "1929"]
[Opening "Clemenz (Mead's, Basman's or de Klerk's) opening"]
[ECO "A00"]
[Time "09:30:47"]
[TimeControl "2700+45"]

1. h3 e6 2. g4 d5 3. c4 h5 4. gxh5 Rxh5 5. cxd5 exd5 6. e3 Nf6 7. Nc3 d4 8. exd4
Qxd4 9. Nf3 Qd6 10. Bg2 Nc6 11. d4 Bf5 12. Bg5 O-O-O 13. Kf1 Bg6 14. Ne2 Qb4 15.
Bxf6 gxf6 16. b3 Bh6 17. a3 Qd6 18. b4 Qe6 19. h4 Kb8 20. Kg1 Qd6 21. Qb3 Qe6
22. Qxe6 fxe6 23. Re1 Bf7 24. Ng3 Rhd5 25. Ne2 R5d6 26. b5 Ne7 27. Nc3 Nd5 28.
Ne4 Rb6 29. a4 Bg8 30. Bf1 a5 31. bxa6 bxa6 32. Nc5 Ka7 33. a5 Rc6 34. Bd3 Bf8
35. Rc1 e5 36. Be4 exd4 37. Nxd4 Rxc5 38. Rxc5 Bxc5 39. Nc6+ Kb7 40. Nxd8+ Kc8
41. Nc6 Nf4 42. h5 Be6 43. h6 Nh3+ 44. Rxh3 Bxh3 45. h7 {Black resigns} 1-0

[Event "Team 45 45 League T47"]
[Site "Internet Chess Club"]
[Date "2010.11.13"]
[Round "2"]
[White "pishd"]
[Black "tsia68"]
[Result "0-1"]
[WhiteElo "1727"]
[BlackElo "1878"]
[Opening "King's Indian: London system"]
[ECO "A48"]
[Time "11:08:40"]
[TimeControl "2700+45"]

1. d4 Nf6 2. Nf3 g6 3. Bf4 Bg7 4. e3 O-O 5. Be2 d6 6. h3 b6 7. O-O Bb7 8. a4 a5
9. c4 Na6 10. Nc3 Ne4 11. Nxe4 Bxe4 12. Nd2 Bb7 13. Bf3 Bxf3 14. Nxf3 Re8 15.
Bg5 f6 16. Bh4 e5 17. dxe5 dxe5 18. Qxd8 Raxd8 19. Rad1 g5 20. Bg3 Nc5 21. Ra1
Rd3 22. Rfb1 Rb3 23. Nd2 Rb4 24. b3 Rd8 25. Ra2 Rd3 26. Rbb2 Nxb3 27. Nxb3 Rbxb3
28. Rxb3 Rxb3 29. Rd2 Rc3 30. Rd8+ Bf8 31. Rc8 Rxc4 32. f3 Kf7 33. Be1 Bd6 34.
Rd8 Rxa4 35. Rd7+ Kg6 36. e4 Rc4 37. Kf1 Rc2 38. Rd8 a4 39. Rg8+ Kf7 40. Rh8 Kg7
41. Ra8 a3 42. Ra7 a2 {White resigns} 0-1

[Event "Team 45 45 League T47"]
[Site "Internet Chess Club"]
[Date "2010.11.14"]
[Round "2"]
[White "PJ"]
[Black "cknights"]
[Result "0-1"]
[WhiteElo "1695"]
[BlackElo "1864"]
[Opening "Sicilian: closed, 6.Be3"]
[ECO "B26"]
[Time "12:00:14"]
[TimeControl "2700+45"]

1. e4 c5 2. Nc3 Nc6 3. g3 g6 4. Bg2 Bg7 5. d3 d6 6. Be3 Nd4 7. Nge2 Bg4 8. O-O
Qd7 9. f3 Bh3 10. Qd2 Bxg2 11. Kxg2 h5 12. Nd1 h4 13. g4 h3+ 14. Kh1 f5 15. c3
Nxe2 16. Qxe2 fxg4 17. fxg4 Nf6 18. Nf2 Qc6 19. Bf4 Rf8 20. Kg1 Rh8 21. Nd1 Qb6
22. e5 dxe5 23. Bxe5 O-O-O 24. Ne3 Qc6 25. Rad1 Bh6 26. Bf4 Bxf4 27. Rxf4 Qe6
28. a3 Rh4 29. Qf3 b6 30. Kf2 a5 31. Qa8+ Kd7 32. Qb7+ Ke8 33. Qf3 Qb3 34. Rd2
Qe6 35. Kg3 g5 36. Rc4 Qe5+ 37. Kf2 Qxh2+ 38. Ke1 Qg1+ 39. Nf1 h2 40. Qc6+ Kf8
41. Rf2 Qxf2+ 42. Kxf2 h1=Q 43. Qc7 Rxd3 44. Qd8+ Rxd8 {White resigns} 0-1

[Event "Team 45 45 League T47"]
[Site "Internet Chess Club"]
[Date "2010.11.11"]
[Round "2"]
[White "LazyPeon"]
[Black "room-matt"]
[Result "1-0"]
[WhiteElo "1665"]
[BlackElo "1603"]
[Opening "QGA: 3.e4"]
[ECO "D20"]
[Time "15:08:25"]
[TimeControl "2700+45"]

1. d4 d5 2. c4 dxc4 3. e4 e5 4. Nf3 exd4 5. Qxd4 Qxd4 6. Nxd4 Nf6 7. Bxc4 Nxe4
8. O-O Bb4 9. a3 Ba5 10. b4 Bb6 11. Bb2 Kf8 12. Re1 Nd6 13. Bb3 Bg4 14. Nd2 Nd7
15. Ne4 Nxe4 16. Rxe4 Nf6 17. Rf4 h5 18. h3 Bd7 19. Nf3 Rh6 20. Ng5 Be8 21. Rd1
Rg6 22. h4 c6 23. Re1 Rd8 24. Bc2 Rh6 25. Bxf6 gxf6 26. Ne4 Kg7 27. Ng3 Kf8 28.
Bb3 Bd7 29. Ne4 Kg7 30. Nd6 Be6 31. Bxe6 Rxd6 32. Bc4 Rd7 33. Rfe4 Rh8 34. Re7
Rhd8 35. Bxf7 Kh6 36. Bc4 Bc7 37. Rxd7 Rxd7 38. g3 Rd4 39. Be6 b6 40. Bf5 Be5
41. Rc1 Rd6 42. Re1 c5 43. f4 Bd4+ 44. Kg2 Kg7 45. Re7+ Kf8 46. Rxa7 cxb4 47.
axb4 Rd5 48. Be4 Rb5 49. Rh7 Rxb4 50. Rxh5 Ke7 51. Rh7+ Ke6 52. h5 Rb2+ 53. Kf3
f5 54. Rh6+ Bf6 55. Bd5+ Kxd5 56. Rxf6 Rb3+ 57. Kg2 Rb2+ 58. Kh3 Ke4 59. h6 Rb1
60. Kh4 Kf3 61. Rxf5 Rh1+ 62. Kg5 Kxg3 63. Kg6 Kg4 64. Rg5+ Kxf4 65. Rh5 Rg1+
66. Kf7 Rf1 67. Ke6 Kg4 68. h7 Kxh5 69. h8=Q+ Kg6 70. Qg8+ Kh5 71. Qh7+ Kg5 72.
Qg7+ Kh5 73. Qb2 Re1+ 74. Kf5 Rf1+ 75. Ke4 Re1+ 76. Kf3 Re6 77. Qg7 Rc6 78. Qg4+
Kh6 79. Qf4+ Kh5 80. Qg4+ Kh6 81. Ke3 Re6+ 82. Kf4 Rg6 83. Qh4+ Kg7 84. Kf5 Rf6+
85. Qxf6+ {Black resigns} 1-0

[Event "Team 45 45 League T47"]
[Site "Internet Chess Club"]
[Date "2010.11.13"]
[Round "2"]
[White "Troparion"]
[Black "GreatBendini"]
[Result "0-1"]
[WhiteElo "1794"]
[BlackElo "1860"]
[Opening "Bird's opening"]
[ECO "A03"]
[Time "13:00:51"]
[TimeControl "2700+45"]

1. f4 d5 2. Nf3 Nc6 3. b3 Nf6 4. e3 Bg4 5. Bb2 a6 6. d3 d4 7. e4 e5 8. h3 Bb4+
9. Nbd2 Bxf3 10. Qxf3 Bc3 11. Bxc3 dxc3 12. Nc4 Nd4 13. Qf2 exf4 14. Be2 Nxc2+
{White resigns} 0-1